 Dungeon Crawl Stone Soup version 0.27-a0-1555-g0e7b3fb1d2 (webtiles) character file.

Game seed: 1366960027498927631

35065 wakim the Zephyrmancer (level 13, -2/78 HPs)
             Began as a Deep Elf Air Elementalist on July 14, 2021.
             Was an Elder of Vehumet.
             Slain by a polar bear (14 damage)
             ... on level 5 of the Lair of Beasts.
             The game lasted 01:15:49 (25748 turns).

wakim the Zephyrmancer (Deep Elf Air Elementalist) Turns: 25748, Time: 01:15:50

Health: -2/78      AC: 11    Str:  8    XL:     13   Next: 45%
Magic:  11/25      EV: 17    Int: 26    God:    Vehumet [****..]
Gold:   1268       SH:  5    Dex: 15    Spells: 0/26 levels left

rFire    . . .     SeeInvis .   b - +8 war axe "Itawya Mill" {vorpal, Fly}
rCold    + . .     Faith    .   (no shield)
rNeg     . . .     Spirit   .   f - +1 robe {Will+}
rPois    .         Reflect  +   q - +0 helmet
rElec    .         Harm     .   (no cloak)
rCorr    .         Rampage  .   p - +1 pair of gloves "Gotunep" {rC+ Str+3}
Will     ++...                  o - +0 pair of boots
Stlth    ++........             j - amulet of reflection
HPRegen  0.23/turn              c - +4 ring of protection
MPRegen  0.19/turn              E - ring of wizardry

@: flying
A: no striking features
a: Renounce Religion


You were on level 5 of the Lair of Beasts.
You worshipped Vehumet.
Vehumet was greatly pleased with you.
You visited 3 branches of the dungeon, and saw 17 of its levels.
You also visited: Ossuary and Bailey.

You collected 1759 gold pieces.
You spent 491 gold pieces at shops.

Inventory:

Hand Weapons
 b - the +8 war axe "Itawya Mill" (weapon) {vorpal, Fly}
   (You found it on level 6 of the Dungeon)

   It inflicts extra damage upon your enemies.
   Fly:       It grants you flight.
 u - the +7 war axe of Evil {holy, +Rage rF+ Int+4 Dex-3}
   (You found it on level 2 of the Lair of Beasts)

   It has been blessed by the Shining One to cause great damage to the undead
   and demons.
   Int:       It affects your intelligence (+4).
   Dex:       It affects your dexterity (-3).
   rF:        It protects you from fire.
   +Rage:     It lets you go berserk.
Missiles
 e - 2 throwing nets {=f!f}
 s - 5 atropa-tipped darts
 y - 3 curare-tipped darts {=f}
Armour
 a - a +0 kite shield of positive energy
 f - a +1 robe of willpower (worn)
 m - a +2 robe
 o - a +0 pair of boots (worn)
 p - the +1 pair of gloves "Gotunep" (worn) {rC+ Str+3}
   (You bought it in a shop on level 9 of the Dungeon)

   Str:       It affects your strength (+3).
   rC:        It protects you from cold.
 q - a +0 helmet (worn)
 z - a +0 robe of fire resistance
Jewellery
 c - a +4 ring of protection (left hand)
 g - a ring of poison resistance
 h - a ring of see invisible
 i - a ring of protection from fire
 j - an amulet of reflection (around neck)
 n - a +6 ring of intelligence
 w - a ring of resist corrosion
 E - a ring of wizardry (right hand)
 G - an amulet of regeneration
Wands
 t - a wand of digging (3)
 v - a wand of flame (30)
 x - a wand of iceblast (8)
Scrolls
 k - 2 scrolls of enchant armour
 l - 2 scrolls of brand weapon
 r - a scroll of enchant weapon
 Q - 2 scrolls of immolation {!r!r}
 R - 2 scrolls of magic mapping {!r}
 T - 9 scrolls of teleportation
 U - a scroll of fear
 X - a scroll of fog
 Y - 5 scrolls of blinking {!r}
Potions
 d - 2 potions of degeneration {!q}
 A - 3 potions of ambrosia
 B - a potion of attraction {!q}
 C - 2 potions of berserk rage {!q}
 D - 3 potions of brilliance
 F - 15 potions of curing
 H - 5 potions of haste
 J - 9 potions of heal wounds
 K - 5 potions of magic
 M - 3 potions of mutation {!q}
 N - 6 potions of might
 O - 2 potions of resistance


   Skills:
 - Level 8.0 Fighting
 - Level 10.9 Dodging
 - Level 2.4 Stealth
 * Level 5.4 Shields
 - Level 7.2 Spellcasting
 - Level 9.0 Conjurations
 - Level 7.8 Hexes
 * Level 10.6 Ice Magic
 * Level 11.2 Air Magic


You couldn't memorise any spells.
You knew the following spells:

 Your Spells              Type           Power      Damage    Failure   Level
a - Ozocubu's Refrigerat  Ice            30%        4d11      8%          7
b - Airstrike             Air            31%        N/A       1%          4
c - Frozen Ramparts       Ice            100%       1d12      1%          3
d - Static Discharge      Conj/Air       58%        N/A       1%          2
e - Freezing Cloud        Conj/Ice/Air   29%        6-21      1%          5
s - Swiftness             Air            62%        N/A       1%          3
x - Poisonous Vapours     Pois/Air       76%        N/A       1%          2

Your spell library contained the following spells:

 Spells                   Type           Power      Damage    Failure   Level
 Freeze                   Ice            100%       1d11      1%          1
 Shock                    Conj/Air       100%       1d9       1%          1
 Dazzling Flash           Conj/Hex       100%       N/A       1%          3
 Ozocubu's Armour         Ice            60%        N/A       1%          3
 Portal Projectile        Hex/Tloc       58%        N/A       1%          3
 Summon Guardian Golem    Hex/Summ       29%        N/A       1%          3
 Hailstorm                Conj/Ice       57%        3d12      1%          4
 Lightning Bolt           Conj/Air       29%        1d45      1%          5
 Metabolic Englaciation   Hex/Ice        27%        N/A       1%          5
 Silence                  Hex/Air        28%        N/A       1%          5
 Animate Skeleton         Necr           18%        N/A       2%          1
 Apportation              Tloc           18%        N/A       2%          1
 Pain                     Necr           36%        1d5       2%          1
 Sting                    Tmut/Pois      36%        1d4       2%          1
 Summon Small Mammal      Summ           36%        N/A       2%          1
 Ice Form                 Ice/Tmut       37%        N/A       2%          4
 Summon Ice Beast         Ice/Summ       37%        N/A       2%          4
 Irradiate                Conj/Tmut      16%        3d19      3%          5
 Sublimation of Blood     Necr           4%         N/A       4%          2
 Wereblood                Tmut           9%         N/A       4%          2
 Leda's Liquefaction      Hex/Erth       14%        N/A       4%          4
 Olgreb's Toxic Radiance  Pois           9%         N/A       7%          4
 Call Canine Familiar     Summ           9%         N/A       8%          3
 Vampiric Draining        Necr           4%         2d6       8%          3
 Invisibility             Hex            25%        N/A       16%         6
 Maxwell's Capacitive Co  Air            31%        ∞         34%         8
 Simulacrum               Ice/Necr       18%        N/A       38%         6
 Agony                    Necr           9%         N/A       52%         5
 Alistair's Intoxication  Tmut/Pois      6%         N/A       52%         5
 Blade Hands              Tmut           4%         N/A       52%         5
 Dragon Form              Tmut           4%         N/A       100%        7
 Summon Hydra             Summ           4%         N/A       100%        7


Dungeon Overview and Level Annotations

Branches:
Dungeon (10/15)            Temple (1/1) D:6            Lair (6/6) D:8
 Shoals (0/4) Lair:2        Snake (0/4) Lair:2        Slime (0/5) Lair:5
Ossuary (visited)          Bailey (visited)
    Orc: D:9-12

Altars:
Ashenzari
Cheibriados
Dithmenos
Elyvilon
Fedhas
Gozag
Hepliaklqana
Kikubaaqudgha
Makhleb
Nemelex Xobeh
Okawaru
Qazlal
Ru
Sif Muna
Trog
Uskayaw
Vehumet
Wu Jian
Xom
Yredelemnul
Zin
The Shining One
Jiyva

Shops:
D:1 (   D:6 !   D:7 ?   D:8 =   D:9 *

Annotations:
D:8 1 runed translucent door, Anon1729's ghost, novice MiHu
Lair:3 3 runed translucent doors, Zunog's ghost, journeyman OpTm


Message History

You kill the elephant!
Vehumet accepts your kill.
You feel your power returning.
You hit the bush. You slash the polar bear!
The polar bear is moderately wounded.
You hit the bush but do no damage. You block the polar bear's attack.
The polar bear completely misses you.
The polar bear claws you but does no damage.
The polar bear bites you.
The polar bear claws you but does no damage.
The polar bear completely misses you. You block the polar bear's attack.
The polar bear closely misses you. The polar bear barely misses you.
You hit the polar bear but do no damage.
The polar bear is moderately wounded.
The polar bear completely misses you. You block the polar bear's attack. x2
You block the polar bear's attack. The polar bear misses you.
The polar bear closely misses you.
The polar bear is engulfed in freezing vapours.
There is a stone staircase leading up here.
The polar bear misses you.
The polar bear claws you but does no damage.
The polar bear claws you.
You fly upwards.
There is a stone staircase leading down here.
You slash the polar bear!
The polar bear is severely wounded.
The polar bear goes berserk!
The polar bear bites you!!
The polar bear claws you but does no damage.
You block the polar bear's attack.
You slash the polar bear!
The polar bear is almost dead.
The polar bear bites you!!
* * * LOW HITPOINT WARNING * * *
The polar bear claws you.
* * * LOW HITPOINT WARNING * * *
The polar bear claws you.
* * * LOW HITPOINT WARNING * * *
The polar bear bites you!
You die...

..####....###..............#.....
...........#....#..##.###.###.#.#
#.P##.......#<.....#.####.#...P.#
#..#................####P........
#####...........<.....#..........
##..............##.P.........
##....#.........#..P.P###....
#...#..............#### ##...
#...)##.....@...P...### ##...
##..###.....h.........###.#..
#..##.#............##.....#.#
#..P##....#..................
##.........#..#.....#..#.#(.)
#.#..###.#....##...#######..
###### ##.)..###..##### #..
##....#PP..#.P# #.#
#...........P#####.


You could see a polar bear (berserk).

Vanquished Creatures
  2 hydras
  A boulder beetle (Lair:2)
  2 two-headed ogres
  Urug (Lair:2)
  16 elephants
  6 black mambas
  2 rust devils
  A molten gargoyle (Lair:2)
  9 cane toads
  2 gargoyles (D:9)
  3 rime drakes
  5 komodo dragons
  A troll (D:9)
  A meliai (D:8)
  3 blink frogs (Lair:6)
  4 dream sheep (Lair:3)
  47 yaks
  Sigmund (D:6)
  2 wyverns
  4 fire bats (Lair:2)
  A basilisk (Lair:1)
  A steam dragon (D:9)
  A warg (shapeshifter) (D:8)
  An acid dragon (D:9)
  2 nagas (Lair:2)
  16 water moccasins
  10 orc warriors
  A black bear (D:6)
  An ice beast (D:7)
  2 sky beasts
  5 wolves (Lair:4)
  An ogre (D:7)
  3 centaurs
  A kobold brigand (D:8)
  A phantom (D:5)
  An elf zombie (Ossuary)
  Blork the orc (D:6)
  6 bullfrogs
  A wyvern zombie (D:9)
  2 scorpions
  2 water moccasin zombies
  A wyvern skeleton (D:6)
  12 killer bees
  5 wights (D:8)
  4 electric eels (D:10)
  5 howler monkeys
  7 centaur zombies
  2 human zombies (Ossuary)
  2 bullfrog skeletons
  8 orc priests
  2 hounds
  3 jellies
  8 orc wizards
  An iguana (D:7)
  3 mummies (Ossuary)
  Robin (D:4)
  13 gnolls (Bailey)
  A howler monkey skeleton (D:6)
  7 adders
  A shadow imp (D:6)
  A white imp (D:5)
  3 adder zombies (Ossuary)
  A worm (D:2)
  A dart slug (D:4)
  37 orcs
  9 ball pythons
  6 bats
  5 endoplasms
  2 giant cockroaches
  10 goblins
  28 hobgoblins
  3 jackals (D:5)
  14 kobolds
  4 quokkas
  5 frilled lizards
  2 gnoll zombies (Ossuary)
  2 goblin zombies (Ossuary)
  3 hobgoblin zombies (Ossuary)
  2 jackal zombies (Ossuary)
  7 kobold zombies (Ossuary)
  6 orc zombies (Ossuary)
  7 quokka zombies (Ossuary)
  4 rat zombies
421 creatures vanquished.

Vanquished Creatures (others)
  Psyche (D:8)
  An orc wizard (D:8)
  A frilled lizard (D:1)
  19 fungi
  24 plants
46 creatures vanquished.

Grand Total: 467 creatures vanquished

Notes
Turn   | Place    | Note
-------+----------+-------------------------------------------
     0 | D:1      | wakim the Deep Elf Air Elementalist began the quest for the
                  | Orb.
     0 | D:1      | Reached XP level 1. HP: 10/10 MP: 6/6
   337 | D:1      | Reached XP level 2. HP: 15/15 MP: 5/8
   369 | D:1      | Found Gayros's Weapon Boutique.
   894 | D:2      | Found a faded altar of an unknown god.
  1044 | D:2      | Learned a level 2 spell: Static Discharge
  1255 | D:2      | Reached XP level 3. HP: 19/19 MP: 4/9
  1582 | D:2      | Learned a level 3 spell: Swiftness
  2152 | D:3      | Reached skill level 4 in Air Magic
  2261 | D:3      | Reached XP level 4. HP: 20/24 MP: 5/10
  3326 | D:3      | Reached XP level 5. HP: 27/28 MP: 6/11
  3331 | D:3      | Learned a level 4 spell: Airstrike
  3898 | D:4      | Noticed Robin
  3907 | D:4      | Killed Robin
  3908 | D:4      | Reached skill level 5 in Air Magic
  4080 | D:4      | Reached XP level 6. HP: 32/32 MP: 3/14
  4414 | D:5      | Entered Level 5 of the Dungeon
  4477 | D:5      | Learned a level 3 spell: Frozen Ramparts
  4663 | D:5      | Reached skill level 1 in Ice Magic
  4663 | D:5      | Reached skill level 6 in Air Magic
  4817 | D:5      | Noticed a yak
  4818 | D:5      | Noticed a yak
  4824 | D:5      | Noticed a yak
  5115 | D:4      | Killed a yak
  5116 | D:4      | Reached XP level 7. HP: 36/36 MP: 2/15
  5335 | D:4      | Killed a yak
  5336 | D:4      | Reached skill level 7 in Air Magic
  5703 | D:4      | Killed a yak
  5856 | D:5      | Reached XP level 8. HP: 41/41 MP: 7/16
  6046 | D:5      | Reached skill level 8 in Air Magic
  7030 | D:6      | Noticed Sigmund
  7036 | D:6      | Killed Sigmund
  7037 | D:6      | Reached skill level 1 in Fighting
  7037 | D:6      | Reached skill level 5 in Ice Magic
  7289 | D:6      | Noticed Blork the orc
  7292 | D:6      | Killed Blork the orc
  7648 | D:6      | Found Viymag's Distillery.
  8240 | D:6      | Found a basalt altar of Yredelemnul.
  8497 | D:6      | Found a staircase to the Ecumenical Temple.
  8503 | Temple   | Entered the Ecumenical Temple
  8695 | Temple   | Became a worshipper of Vehumet
  8761 | D:7      | Found a sand-covered staircase.
  8879 | Ossuary  | Entered an ossuary
  9053 | Ossuary  | Reached skill level 5 in Dodging
  9219 | Ossuary  | Reached * piety under Vehumet
  9219 | Ossuary  | Offered knowledge of Foxfire by Vehumet.
  9737 | D:7      | Reached XP level 9. HP: 51/51 MP: 0/17
  9867 | D:7      | Found Uplem's Magic Scroll Emporium.
  9874 | D:7      | Bought a scroll of blinking for 82 gold pieces
  9874 | D:7      | Bought a scroll of magic mapping for 38 gold pieces
  9874 | D:7      | Bought a scroll of enchant armour for 82 gold pieces
  9874 | D:7      | Bought a scroll of teleportation for 33 gold pieces
 10595 | D:7      | Reached ** piety under Vehumet
 11155 | D:6      | Noticed a rust devil
 11155 | D:6      | Noticed a rust devil
 11162 | D:7      | Offered knowledge of Sandblast by Vehumet.
 11163 | D:7      | Reached skill level 5 in Fighting
 11488 | D:8      | Noticed Psyche
 11743 | D:8      | Reached skill level 5 in Spellcasting
 11748 | D:8      | Reached XP level 10. HP: 54/60 MP: 16/19
 11882 | D:8      | Reached skill level 5 in Conjurations
 12285 | D:8      | Found Liablyuc's Jewellery Shop.
 12371 | D:8      | Offered knowledge of Ignite Poison by Vehumet.
 12375 | D:8      | Found a staircase to the Lair.
 12438 | D:8      | Found a runed translucent door.
 12438 | D:8      | Noticed Anon1729's ghost (novice MiHu)
 12788 | D:8      | Noticed a catoblepas
 12823 | D:8      | Reached skill level 1 in Hexes
 13012 | D:8      | Noticed a two-headed ogre
 13046 | D:8      | HP: 3/60 [catoblepas/blast of calcifying dust (6)]
 13052 | D:8      | Noticed a cane toad
 13055 | D:8      | a cane toad changed into a polar bear
 13575 | D:8      | Killed Psyche
 13851 | D:8      | Reached *** piety under Vehumet
 13858 | D:8      | Killed a two-headed ogre
 14381 | D:7      | Killed a rust devil
 14474 | D:6      | Killed a rust devil
 14475 | D:6      | Reached skill level 5 in Hexes
 14587 | D:6      | Identified the +8 war axe "Itawya Mill" {vorpal, Fly}
 14817 | D:9      | Noticed a two-headed ogre
 14831 | D:9      | Killed a two-headed ogre
 14832 | D:9      | Reached XP level 11. HP: 26/66 MP: 14/22
 14841 | D:9      | Found Medug's Assorted Antiques.
 14849 | D:9      | Bought a pair of jewelled gloves for 256 gold pieces
 14849 | D:9      | Identified the +1 pair of gloves "Gotunep" {rC+ Str+3} (You
                  | bought it in a shop on level 9 of the Dungeon)
 15049 | D:9      | Found a flagged portal.
 15068 | D:9      | Reached skill level 10 in Dodging
 15076 | Bailey   | Entered a bailey
 15175 | Bailey   | Offered knowledge of Mephitic Cloud by Vehumet.
 15466 | Bailey   | Reached **** piety under Vehumet
 15619 | Bailey   | Acquired 845 gold pieces
 15903 | D:9      | Offered knowledge of Freezing Cloud by Vehumet.
 16027 | D:9      | Learned a level 5 spell: Freezing Cloud
 16853 | D:10     | Entered Level 10 of the Dungeon
 18460 | Lair:1   | Entered Level 1 of the Lair of Beasts
 19504 | Lair:2   | Found a staircase to the Snake Pit.
 19635 | Lair:2   | Reached skill level 9 in Air Magic
 19804 | Lair:2   | Reached XP level 12. HP: 66/72 MP: 19/24
 19868 | Lair:2   | Noticed Urug
 19876 | Lair:2   | Killed Urug
 20103 | Lair:2   | Identified the +7 war axe of Evil {holy, +Rage rF+ Int+4
                  | Dex-3}
 20626 | Lair:2   | Found a staircase to the Shoals.
 20800 | Lair:3   | Noticed a six-headed hydra
 21266 | Lair:3   | Noticed a boulder beetle
 21515 | Lair:1   | Learned a level 2 spell: Poisonous Vapours
 21560 | Lair:2   | Killed a boulder beetle
 21561 | Lair:2   | Reached skill level 1 in Shields
 21905 | Lair:2   | HP: 2/72 [six-headed hydra (10)]
 22508 | Lair:3   | Reached skill level 10 in Air Magic
 22733 | Lair:3   | Found a runed translucent gate.
 22733 | Lair:3   | Found a runed translucent gate.
 22733 | Lair:3   | Found a runed translucent gate.
 22734 | Lair:3   | Noticed a 13-headed hydra
 22735 | Lair:3   | Noticed Zunog's ghost (journeyman OpTm)
 22736 | Lair:3   | Noticed an 11-headed hydra
 22878 | Lair:3   | Reached ***** piety under Vehumet
 22878 | Lair:3   | Offered knowledge of Ozocubu's Refrigeration by Vehumet.
 23024 | Lair:3   | Reached XP level 13. HP: 59/78 MP: 25/25
 23842 | Lair:4   | Learned a level 7 spell: Ozocubu's Refrigeration
 24476 | Lair:5   | Reached skill level 10 in Ice Magic
 25419 | Lair:5   | Found a viscous altar of Jiyva.
 25419 | Lair:5   | Found a staircase to the Slime Pits.
 25477 | Lair:6   | Entered Level 6 of the Lair of Beasts
 25482 | Lair:6   | Reached skill level 11 in Air Magic
 25486 | Lair:6   | Reached skill level 5 in Shields
 25748 | Lair:5   | Slain by a polar bear

Illustrated notes

Levels and vault maps discovered:
D:1:      scummos_arrival_simple_crosswalls, layout_loops_ring, serial_shops,
          shop, lemuel_old_faithful
D:2:      layout_basic, hellmonk_ecumenical_altar_blasted, grunt_decor_junction
D:3:      layout_rooms
D:4:      layout_cave_pools, uniq_robin
D:5:      layout_cave_pods, minmay_misc_feat_rows
D:6:      cheibrodos_iron_armory, layout_loops_corners,
          lemuel_zombie_altar_yredelemnul, minmay_temple_entry_enclosed_plants,
          nicolae_take_the_stairs, hellmonk_bongcloud_opening,
          chequers_serial_rivers_small_b, uniq_blork_the_orc, uniq_sigmund
D:7:      layout_basic, serial_shops, nicolae_shop_competitors_out_of_business,
          enter_ossuary_4
D:8:      layout_loops_corners, lair_entry_dummy, serial_shops,
          nicolae_square_shop, hellmonk_ghost_happy_afterlife,
          minmay_diamond_spiral, uniq_psyche
D:9:      layout_irregular_city, serial_shops, shop, enter_bailey_2,
          minmay_increasing_density
D:10:     layout_basic, kennysheep_donut, hex_tiny
Temple:   kilobyte_greek_temple
Lair:1:   layout_misc_corridors
Lair:2:   layout_gridlike, shoals_dummy_entry, guppyfry_snake_entry_island,
          beast_lair_carwin_7, grunt_megastairs_1, lemuel_fruit_tree, uniq_urug
Lair:3:   layout_big_grid, gammafunk_ghost_hydra_chop
Lair:4:   layout_layer_cave
Lair:5:   layout_loops_ring, dpeg_slime_entry_enclosed_altar
Lair:6:   hellmonk_lair_end_abyssal_woods, layout_misc_corridors

Skill      XL: |  1  2  3  4  5  6  7  8  9 10 11 12 13 |
---------------+----------------------------------------+-----
Conjurations   | 2 3 4 7 8 9 |  9.0
Air Magic      | 4 5 6 7 8 9 10 11 | 11.2
Spellcasting   | 4 5 6 7 |  7.2
Ice Magic      | 2 4 6 7 9 10 | 10.6
Fighting       | 3 6 7 8 |  8.0
Dodging        | 5 8 9 10 | 10.9
Hexes          | 5 7 |  7.8
Shields        | 4 5 |  5.4
Stealth        | |  2.4

Action                   |  1- 3 |  4- 6 |  7- 9 | 10-12 | 13-15 || total
-------------------------+-------+-------+-------+-------+-------++-------
Melee: Mace              |       |    17 |    56 |    55 |       ||   128
       Unarmed           |       |     1 |       |       |       ||     1
       War axe           |       |       |       |   136 |    35 ||   171
 Cast: Shock             |    90 |    60 |    42 |    56 |       ||   248
       Static Discharge  |       |     8 |    15 |       |       ||    23
       Airstrike         |       |    15 |    71 |    65 |     9 ||   160
       Swiftness         |       |     1 |     3 |     9 |       ||    13
       Frozen Ramparts   |       |       |    14 |    43 |     2 ||    59
       Freezing Cloud    |       |       |       |    77 |    30 ||   107
       Poisonous Vapours |       |       |       |     8 |     4 ||    12
       Ozocubu's Refrige |       |       |       |       |     2 ||     2
  Use: Scroll            |     2 |     2 |     8 |    10 |     3 ||    25
 Stab: Sleeping          |       |       |       |     1 |       ||     1
Armor: Robe              |     2 |    16 |    21 |   102 |    14 ||   155
Dodge: Dodged            |     8 |    31 |    77 |   238 |    26 ||   380
Block: Other             |       |       |    23 |    66 |    10 ||    99
       Reflection        |       |       |     2 |     6 |       ||     8
       Kite shield       |       |       |       |    36 |     8 ||    44

Table legend: (Time is in decaauts)
 A = Elapsed time spent in this place.
 B = Non-inter-level travel time spent in this place.
 C = Inter-level travel time spent in this place.
 D = Time resting spent in this place.
 E = Time spent auto-exploring this place.
 F = Levels seen in this place.
 G = Mean time per level.
                   A        B        C        D        E       F      G
               +--------+--------+--------+--------+--------+-----+--------+
         Total |  25914 |  24171 |   1743 |   3000 |  17907 |  19 | 1363.9 |
       Dungeon |  16984 |  15538 |   1446 |   1838 |  11619 |  10 | 1698.4 |
        Temple |    230 |    194 |     36 |      0 |    182 |   1 |  230.0 |
          Lair |   7343 |   7083 |    260 |    968 |   5277 |   6 | 1223.8 |
       Ossuary |    784 |    784 |      0 |      0 |    621 |   1 |  784.0 |
        Bailey |    570 |    570 |      0 |    194 |    208 |   1 |  570.0 |
               +--------+--------+--------+--------+--------+-----+--------+

Top non-repeatable levels by time:
     D:7: 3092 daAuts
  Lair:2: 2660 daAuts
     D:8: 2193 daAuts
     D:6: 1913 daAuts
     D:3: 1750 daAuts
     D:9: 1602 daAuts
     D:2: 1441 daAuts
     D:5: 1419 daAuts
    D:10: 1386 daAuts
  Lair:3: 1293 daAuts
     D:4: 1213 daAuts
  Lair:5: 1185 daAuts
  Lair:4: 1140 daAuts
     D:1: 972 daAuts
  Lair:1: 940 daAuts
